 Dungeon Crawl Stone Soup version 0.31-a0-234-gad7ace16ef (webtiles) character file.

Game seed: 8383860160466601020

193225 qw the Marksminotaur (level 17, -1/168 HPs)
             Began as a Minotaur Hexslinger on July 9, 2023.
             Was an Elder of Okawaru.
             Slain by a vault warden
             ... wielding a +2 battleaxe
              (32 damage)
             ... on level 1 of the Vaults.
             The game lasted 00:13:53 (28147 turns).

qw the Marksminotaur (Minotaur Hexslinger)         Turns: 28147, Time: 00:13:54

Health: -1/168     AC: 20    Str: 13      XL:     17   Next: 63%
Magic:  23/23      EV: 43    Int: 10      God:    Okawaru [****..]
Gold:   2894       SH:  0    Dex: 35 (36) Spells: 17/18 levels left

rFire   + + .        Y - +0 longbow (flame)
rCold   + . .        (shield currently unavailable)
rNeg    . . .        B - +4 troll leather armour of Classification {rF++ Regen+}
rPois   +            n - +2 hat
rElec   +            i - +1 cloak
rCorr   +            q - +2 pair of gloves of Dume Ats {Drain rCorr Dex+7}
SInv    .            w - +0 pair of boots "Mereir" {-Cast rElec Will+ Dex+2}
Will    +++..        p - amulet of faith
Stlth   ++++         y - ring of Grace {rElec rPois rC+ Will+}
HPRegen 1.28/turn    k - +6 ring of dexterity
MPRegen 0.18/turn

%: no spellcasting, faith
@: about to teleport, heroic
A: horns 2, retaliatory headbutt
}: 1/15 runes: gossamer
a: Renounce Religion, Heroism, Finesse


You were on level 1 of the Vaults.
You worshipped Okawaru.
Okawaru was greatly pleased with you.
You visited 7 branches of the dungeon, and saw 31 of its levels.

You collected 3581 gold pieces.
You spent 687 gold pieces at shops.


Innate Abilities, Weirdness & Mutations

You have a pair of horns on your head.
You reflexively headbutt those who attack you in melee.


   Skills:
 - Level 19.0(24.0) Fighting
 - Level 20.0(25.0) Ranged Weapons
 - Level 10.0(15.0) Armour
 + Level 19.3(24.3) Dodging
 - Level 1.0 Spellcasting
 - Level 2.0 Hexes
 - Level 10.1 Invocations


You had 17 spell levels left.
You knew the following spells:

 Your Spells              Type           Power      Damage    Failure   Level
a - Slow                  Hex            16%        N/A       17%         1

Your spell library contained the following spells:

 Spells                   Type           Power      Damage    Failure   Level
 Inner Flame              Hex/Fire       2%         N/A       61%         3
 Portal Projectile        Hex/Tloc       4%         N/A       61%         3
 Cause Fear               Hex            2%         N/A       86%         4

Inventory:

Hand Weapons
 Y - a +0 longbow of flaming (weapon)
Armour
 g - the +2 pair of boots "Ataomm" {*Corrode Slay+4 Stlth+}
   (You bought it in a shop on level 2 of the Orcish Mines)

   Slay:      It affects your accuracy & damage with ranged weapons and melee
   (+4).
   *Corrode:  It may corrode you when you take damage.
   Stlth:     It makes you more stealthy.
 i - a +1 cloak (worn)
 n - a +2 hat (worn)
 q - the +2 pair of gloves of Dume Ats (worn) {Drain rCorr Dex+7}
   (Okawaru gifted it to you on level 3 of the Swamp)

   Dex:       It affects your dexterity (+7).
   rCorr:     It protects you from acid and corrosion.
   Drain:     It drains your maximum health when unequipped.
 w - the +0 pair of boots "Mereir" (worn) {-Cast rElec Will+ Dex+2}
   (Okawaru gifted it to you on level 5 of the Lair of Beasts)

   Dex:       It affects your dexterity (+2).
   rElec:     It insulates you from electricity.
   -Cast:     It prevents spellcasting.
   Will:      It increases your willpower.
 B - the +4 troll leather armour of Classification (worn) {rF++ Regen+}
   (Okawaru gifted it to you on level 13 of the Dungeon)

   rF:        It greatly protects you from fire.
   Regen:     It increases your rate of health regeneration.
Jewellery
 k - a +6 ring of dexterity (right hand)
 l - a +5 ring of evasion
 p - an amulet of faith (around neck)
 x - an amulet of regeneration
 y - the ring of Grace (left hand) {rElec rPois rC+ Will+}
   (You found it on level 11 of the Dungeon)

   [ring of protection from cold]

   rC:        It protects you from cold.
   rElec:     It insulates you from electricity.
   rPois:     It protects you from poison.
   Will:      It increases your willpower.
 z - a ring of protection from fire
Wands
 r - a wand of digging (9)
Scrolls
 e - 26 scrolls of identify
 f - 5 scrolls of teleportation
Potions
 a - 5 potions of heal wounds
 b - 3 potions of enlightenment
 c - 4 potions of might
 d - 4 potions of haste
 h - 15 potions of curing
 j - 4 potions of mutation
 m - 2 potions of magic
 s - 4 potions of cancellation

Dungeon Overview and Level Annotations

Branches:
Dungeon (15/15)            Temple (1/1) D:5            Lair (5/5) D:9
  Swamp (3/4) Lair:3       Spider (4/4) Lair:2        Slime (0/5) Lair:5
    Orc (2/2) D:10            Elf (0/3) Orc:2        Vaults (1/5) D:13
 Depths (0/4) D:15

Altars:
Ashenzari
Cheibriados
Dithmenos
Elyvilon
Fedhas
Gozag
Hepliaklqana
Kikubaaqudgha
Makhleb
Nemelex Xobeh
Okawaru
Qazlal
Ru
Sif Muna
Trog
Uskayaw
Vehumet
Wu Jian
Xom
Yredelemnul
Zin
The Shining One

Shops:
D:9 *   Orc:2 [(:?

Annotations:
D:5 1 runed translucent door, 2 transporters, Crazy Yiuf; qw's ghost, novice MiHs
Swamp:1 3 runed translucent doors, qw's ghost, adept MiHs
Spider:3 Roxanne


Message History

The yaktaur is severely wounded.
The yaktaur completely misses you. You furiously retaliate!
You headbutt the yaktaur!
You kill the yaktaur!
Okawaru accepts your kill. The orc knight barely misses you.
You shoot an arrow.
The arrow hits the orc knight but does no damage.
The orc knight is lightly wounded.
The vault warden completely misses you. You furiously retaliate!
You headbutt the vault warden. The orc knight completely misses you.
The orc warlord barely misses you. You furiously retaliate!
You headbutt the orc warlord. The orc knight misses you.
You shoot an arrow.
The arrow hits the orc knight but does no damage.
The orc knight is lightly wounded.
The vault warden completely misses you. The orc knight closely misses you.
The orc warlord hits you but does no damage.
You shoot an arrow. The arrow hits the orc knight!!!
The arrow burns the orc knight!
The orc knight is severely wounded.
The orc knight hits you with a +2 dire flail of protection!!
You shoot an arrow. The arrow hits the orc knight.
The arrow burns the orc knight.
The orc knight is severely wounded.
The vault warden completely misses you. The orc knight completely misses you.
The orc warlord hits you with a +3 great mace of protection!
The orc knight completely misses you.
You shoot an arrow. The arrow barely misses the orc knight.
The vault warden hits you but does no damage.
The orc knight hits you from afar with a +0 bardiche!!
The orc warlord completely misses you.
28147 ||| READING 6 scrolls of teleportation.
As you read the scroll of teleportation, it crumbles to dust.
You feel strangely unstable.
The orc knight no longer looks unusually strong.
The orc knight completely misses you. You furiously retaliate!
You headbutt the orc knight.
The vault warden hits you with a +2 battleaxe!!
You die...

######+#####
#?..........
#..p).o.....
#..)@)......
#..)oo......
#.......$...
#...........
############


You could see an orc warlord (strong), a vault warden and 2 orc knights.

Vanquished Creatures
  Bai Suzhen (Swamp:3)
  Nikola (Spider:4)
  Arachne (Spider:4)
  Rupert (D:13)
  Donald (Swamp:2)
  A fenstrider witch (Swamp:3)
  4 emperor scorpions
  7 ghost moths
  An ironbound preserver (D:13)
  Aizul (Spider:4)
  Louise (Swamp:2)
  A stone giant (D:15)
  2 bunyips (Swamp:1)
  5 eleionomae
  An ettin (Orc:2)
  3 spark wasps (Spider:4)
  A shambling mangrove (Swamp:3)
  3 entropy weavers
  3 jorogumos
  A ghost crab (Swamp:3)
  Erica (D:9)
  4 hydras
  3 two-headed ogres
  2 radroaches
  2 catoblepae (Lair:2)
  A death knight (D:11)
  8 alligators
  4 boulder beetles
  7 centaur warriors
  A death scarab (Spider:2)
  6 death yaks (Lair:5)
  4 tengu warriors
  4 demonic crawlers
  3 orc high priests (Orc:2)
  4 pharaoh ants
  4 skeletal warriors (D:11)
  Lodul (D:12)
  4 sun moths
  A death drake (Swamp:2)
  5 goliath frogs
  2 bog bodies (Lair:3)
  11 orb spiders
  2 spriggan druids
  6 deep elf pyromancers
  3 swamp dragons
  7 orc knights
  3 steelbarb worms
  8 cyclopes
  15 ugly things
  18 wolf spiders
  4 orc sorcerers (Orc:2)
  4 manticores
  6 will-o-the-wisps
  22 elephants
  7 black mambas
  An ice statue (Lair:5)
  2 gargoyles
  21 cane toads
  10 torpor snails
  A rime drake (shapeshifter) (D:14)
  5 yaktaurs
  Maggie (D:10)
  8 komodo dragons
  2 rime drakes (Lair:3)
  2 tengu conjurers (D:15)
  A freezing wraith (D:14)
  3 meliai (Spider:1)
  9 tyrant leeches
  9 hornets
  A bloated husk (Swamp:2)
  3 trolls
  31 tarantellas
  6 polar bears
  Grinder (D:4)
  12 blink frogs
  7 spriggans
  Sigmund (D:2)
  12 slime creatures
  20 jumping spiders
  26 culicivoras
  3 vampires
  A centaur simulacrum (D:15)
  22 yaks
  A fire bat (shapeshifter) (D:11)
  2 wraiths
  4 wyverns
  Eustachio (D:4)
  5 basilisks
  49 redbacks
  2 steam dragons
  6 vampire mosquitoes
  2 wargs
  A harpy simulacrum (D:15)
  10 swamp worms
  Edmund (D:5)
  3 acid dragons
  7 water moccasins
  20 orc warriors
  5 black bears
  A black bear (shapeshifter) (D:14)
  5 ice beasts (Lair:5)
  An ice beast (shapeshifter) (D:14)
  4 centaurs
  11 ogres
  A tengu (shapeshifter) (D:11)
  14 wolves
  2 kobold brigands
  4 phantoms
  12 bullfrogs
  4 earth elementals
  A gnoll sergeant (D:9)
  5 wights (D:9)
  9 killer bees
  A howler monkey (D:11)
  An electric eel (Lair:1)
  3 hounds
  3 jellies
  12 orc priests
  3 iguanas
  A sleepcap (D:7)
  29 orc wizards
  4 hell rats (Lair:5)
  8 adders
  A shadow imp (D:7)
  4 white imps
  2 ufetubi
  3 worms
  2 dart slugs (D:2)
  60 orcs
  8 ball pythons
  9 endoplasms
  3 giant cockroaches
  9 goblins
  4 hobgoblins
  4 jackals (D:4)
  2 bats
  2 frilled lizards (D:1)
  19 kobolds
  5 rats
843 creatures vanquished.

Vanquished Creatures (others)
  2 bloated husks
  An orc priest (Orc:2)
  27 foxfires
30 creatures vanquished.

Grand Total: 873 creatures vanquished

Notes
Turn   | Place    | Note
-------+----------+-------------------------------------------
     0 | D:1      | qw the Minotaur Hexslinger began the quest for the Orb.
     0 | D:1      | Reached XP level 1. HP: 16/16 MP: 1/1
     0 | D:1      | 0 ||| qw: Version: 0.3-a-51-g015441d
     0 | D:1      | 0 ||| qw: Game counter: 4129
     0 | D:1      | 0 ||| qw: Melee chars always use a shield: true
     0 | D:1      | 0 ||| qw: God list: Okawaru
     0 | D:1      | 0 ||| qw: Allow faded altars: false
     0 | D:1      | 0 ||| qw: Do Orc after clearing Dungeon:15 true
     0 | D:1      | 0 ||| qw: Do second Lair branch before Depths: true
     0 | D:1      | 0 ||| qw: Lair rune preference: random
     0 | D:1      | 0 ||| qw: Goals: Normal
     0 | D:1      | 0 ||| PLANNING D:1-11
   159 | D:1      | Reached skill level 3 in Ranged Weapons
   159 | D:1      | Reached XP level 2. HP: 23/23 MP: 2/2
   470 | D:1      | 470 ||| UPGRADING to +0 ring mail.
   480 | D:1      | 480 ||| DROPPING +0 robe.
   481 | D:1      | 481 ||| UPGRADING to ring of positive energy.
   482 | D:1      | 482 ||| READING scroll labelled FID BOSHROSIE.
   483 | D:1      | 483 ||| READING scroll labelled JITUOC VIALE.
   484 | D:1      | 484 ||| READING 2 scrolls labelled TIRAWIRUDUYWAFF.
   487 | D:1      | 487 ||| READING scroll labelled TIUMUF GAECSI.
   488 | D:1      | 488 ||| READING scroll labelled ETU DEVAWATT.
   488 | D:1      | Identified a scroll of acquirement
   488 | D:1      | 488 ||| ACQUIRING +7 orcbow of Apathaor {drain, +Blink
                  | rPois Stlth+}
   488 | D:1      | Acquired the +7 orcbow of Apathaor {drain, +Blink rPois
                  | Stlth+}
   490 | D:1      | 490 ||| SWAPPING to +7 orcbow of Apathaor {drain, +Blink
                  | rPois Stlth+}.
   491 | D:1      | 491 ||| DROPPING +1 sling.
   492 | D:1      | 492 ||| DROPPING scroll of poison.
   623 | D:2      | Reached XP level 3. HP: 18/29 MP: 3/3
   907 | D:2      | Reached skill level 4 in Ranged Weapons
   933 | D:2      | Noticed Sigmund
   942 | D:2      | Killed Sigmund
   943 | D:2      | Reached XP level 4. HP: 14/36 MP: 4/4
   943 | D:2      | Reached XP level 5. HP: 16/41 MP: 5/5
  1291 | D:2      | 1291 ||| READING scroll labelled SETOTITZIL.
  1292 | D:2      | 1292 ||| DRINKING 2 amethyst potions.
  1293 | D:2      | 1293 ||| DRINKING 3 emerald potions.
  1725 | D:3      | Reached XP level 6. HP: 48/48 MP: 6/6
  1819 | D:3      | Found a faded altar of an unknown god.
  1992 | D:3      | 1992 ||| UPGRADING to +6 ring of dexterity.
  1993 | D:3      | 1993 ||| DRINKING 2 cyan potions.
  2023 | D:3      | 2023 ||| READING 5 scrolls of identify.
  2023 | D:3      | 2023 ||| IDENTIFYING pink potion
  2024 | D:3      | 2024 ||| READING 4 scrolls of identify.
  2024 | D:3      | 2024 ||| IDENTIFYING bubbling blue potion
  2025 | D:3      | 2025 ||| DROPPING potion of lignification.
  2036 | D:4      | 2036 ||| STAIRDANCE
  2042 | D:3      | Reached skill level 5 in Ranged Weapons
  2093 | D:4      | Noticed Grinder
  2099 | D:4      | Killed Grinder
  2100 | D:4      | Reached XP level 7. HP: 47/60 MP: 7/7
  2387 | D:4      | Noticed Eustachio
  2393 | D:4      | Killed Eustachio
  2394 | D:4      | Reached skill level 6 in Ranged Weapons
  2463 | D:4      | Reached skill level 7 in Ranged Weapons
  2480 | D:4      | Found a bloodstained altar of Trog.
  2484 | D:4      | Found a glowing golden altar of the Shining One.
  2487 | D:4      | Found a snail-covered altar of Cheibriados.
  2487 | D:4      | Found a blossoming altar of Fedhas.
  2494 | D:4      | Found a white marble altar of Elyvilon.
  2822 | D:4      | 2822 ||| UPGRADING to +1 robe of cold resistance.
  2832 | D:4      | 2832 ||| DROPPING ring of magical power.
  2833 | D:4      | 2833 ||| UPGRADING to ring of protection from fire.
  2835 | D:4      | 2835 ||| DRINKING 2 viscous green potions.
  2836 | D:4      | 2836 ||| DRINKING 2 fuming green potions.
  2867 | D:5      | Entered Level 5 of the Dungeon
  2876 | D:5      | Found a runed translucent door.
  2877 | D:5      | Noticed Crazy Yiuf
  2920 | D:5      | Noticed Edmund
  2925 | D:5      | Killed Edmund
  2926 | D:5      | Reached skill level 3 in Dodging
  2930 | D:5      | Reached XP level 8. HP: 66/67 MP: 8/8
  2989 | D:5      | Found a transporter.
  3025 | D:5      | 3025 ||| DRINKING 6 potions of curing.
  3025 | D:5      | 3025 ||| (to cure confusion)
  3028 | D:5      | Reached skill level 8 in Ranged Weapons
  3088 | D:5      | Noticed qw's ghost (novice MiHs)
  3089 | D:5      | Found a transporter.
  3129 | D:5      | Found a staircase to the Ecumenical Temple.
  3130 | D:5      | 3130 ||| PLANNING TEMPLE
  3130 | D:5      | 3130 ||| READING 6 scrolls of identify.
  3130 | D:5      | 3130 ||| IDENTIFYING glowing pink potion
  3131 | D:5      | 3131 ||| DROPPING potion of brilliance.
  3138 | Temple   | Entered the Ecumenical Temple
  3217 | Temple   | 3217 ||| PLANNING OKAWARU WORSHIP
  3229 | Temple   | Became a worshipper of Warmaster Okawaru
  3230 | Temple   | 3230 ||| PLANNING D:1-11
  3791 | D:5      | 3791 ||| READING 5 scrolls of identify.
  3791 | D:5      | 3791 ||| IDENTIFYING bubbling yellow potion
  3792 | D:5      | 3792 ||| READING 4 scrolls of identify.
  3792 | D:5      | 3792 ||| IDENTIFYING yellow potion
  3993 | D:6      | Reached skill level 9 in Ranged Weapons
  4231 | D:6      | 4231 ||| DROPPING +0 ring mail.
  4232 | D:6      | 4232 ||| UPGRADING to +2 ring mail of cold resistance.
  4242 | D:6      | 4242 ||| DROPPING +1 robe of cold resistance.
  4265 | D:7      | Reached skill level 6 in Fighting
  4270 | D:7      | Reached * piety under Okawaru
  4271 | D:7      | 4271 ||| INVOKING Heroism.
  4283 | D:7      | 4283 ||| STAIRDANCE
  4488 | D:7      | 4488 ||| INVOKING Heroism.
  4492 | D:7      | Reached skill level 10 in Ranged Weapons
  4492 | D:7      | Reached XP level 9. HP: 75/75 MP: 6/9
  4584 | D:7      | Reached skill level 1 in Invocations
  5010 | D:7      | 5010 ||| Stepping ~*~*~tactically~*~*~ (water).
  5296 | D:7      | 5296 ||| UPGRADING to +2 pair of gloves.
  5301 | D:7      | 5301 ||| READING scroll labelled YGRAIXT USCHUN.
  5302 | D:7      | 5302 ||| READING scroll labelled YTORRA YQUWUDGH.
  5314 | D:8      | 5314 ||| INVOKING Heroism.
  5334 | D:8      | 5334 ||| STAIRDANCE
  5392 | D:8      | 5392 ||| INVOKING Heroism.
  5501 | D:8      | Reached skill level 3 in Invocations
  5503 | D:8      | 5503 ||| INVOKING Heroism.
  5829 | D:8      | 5829 ||| INVOKING Heroism.
  6136 | D:8      | 6136 ||| READING scroll labelled URESOO ELOIGHUAH.
  6232 | D:9      | Reached skill level 11 in Ranged Weapons
  6235 | D:9      | Reached ** piety under Okawaru
  6248 | D:9      | 6248 ||| INVOKING Heroism.
  6252 | D:9      | Reached skill level 12 in Ranged Weapons
  6252 | D:9      | Reached XP level 10. HP: 59/86 MP: 9/12
  6372 | D:9      | 6372 ||| Stepping ~*~*~tactically~*~*~ (outnumbered).
  6380 | D:9      | 6380 ||| INVOKING Heroism.
  6664 | D:9      | Noticed Erica
  6665 | D:9      | 6665 ||| INVOKING Heroism.
  6671 | D:9      | Killed Erica
  6672 | D:9      | Reached skill level 6 in Dodging
  6682 | D:9      | Found a staircase to the Lair.
  6942 | D:9      | Found Cofiqo's Lightly-Used Armoury.
  6951 | D:9      | 6951 ||| BUYING -3 longbow (1 gold).
  6951 | D:9      | Bought a -3 longbow for 1 gold piece
  7013 | D:9      | 7013 ||| INVOKING Heroism.
  7119 | D:9      | 7119 ||| PLANNING LAIR
  7138 | Lair:1   | Entered Level 1 of the Lair of Beasts
  7219 | Lair:1   | Noticed a cane toad
  7220 | Lair:1   | 7220 ||| INVOKING Heroism.
  7225 | Lair:1   | Killed a cane toad
  7267 | Lair:1   | Noticed a cane toad
  7268 | Lair:1   | 7268 ||| INVOKING Heroism.
  7271 | Lair:1   | Killed a cane toad
  7272 | Lair:1   | Reached *** piety under Okawaru
  7277 | Lair:1   | Reached skill level 13 in Ranged Weapons
  7337 | Lair:1   | Noticed a cane toad
  7338 | Lair:1   | 7338 ||| INVOKING Heroism.
  7342 | Lair:1   | Reached skill level 9 in Fighting
  7348 | Lair:1   | Killed a cane toad
  7433 | Lair:1   | Noticed an elephant
  7433 | Lair:1   | Noticed an elephant
  7435 | Lair:1   | Noticed an elephant
  7436 | Lair:1   | Noticed an elephant
  7439 | Lair:1   | Noticed a cane toad
  7440 | Lair:1   | 7440 ||| INVOKING Heroism.
  7441 | Lair:1   | Killed an elephant
  7449 | Lair:1   | Killed an elephant
  7449 | Lair:1   | Reached **** piety under Okawaru
  7450 | Lair:1   | Reached skill level 14 in Ranged Weapons
  7450 | Lair:1   | Reached XP level 11. HP: 39/97 MP: 11/13
  7462 | Lair:1   | HP: 19/97 [cane toad (7)]
  7463 | Lair:1   | 7463 ||| READING 4 scrolls of teleportation.
  7464 | Lair:1   | 7464 ||| DRINKING 2 potions of heal wounds.
  7465 | Lair:1   | 7465 ||| INVOKING Heroism.
  7467 | Lair:1   | HP: 19/97 [poisoned by a cane toad]
  7472 | Lair:1   | HP: 13/97 [poisoned by a cane toad]
  7653 | Lair:1   | 7653 ||| FLEEEEING.
  7654 | Lair:1   | 7654 ||| FLEEEEING.
  7655 | Lair:1   | 7655 ||| STAIRDANCE
  7710 | D:9      | 7710 ||| READING 10 scrolls of identify.
  7710 | D:9      | 7710 ||| IDENTIFYING white potion
  7711 | D:9      | 7711 ||| DROPPING potion of berserk rage.
  7820 | Lair:1   | 7820 ||| INVOKING Heroism.
  8049 | Lair:1   | 8049 ||| INVOKING Heroism.
  8112 | Lair:1   | 8112 ||| INVOKING Heroism.
  8222 | Lair:1   | 8222 ||| INVOKING Heroism.
  8284 | Lair:1   | 8284 ||| INVOKING Heroism.
  8399 | Lair:1   | 8399 ||| UPGRADING to +0 cloak.
  8404 | Lair:1   | 8404 ||| READING scroll labelled LAZUGIEC BOSMI.
  8436 | Lair:2   | 8436 ||| INVOKING Heroism.
  8441 | Lair:2   | Noticed a catoblepas
  8448 | Lair:2   | Reached skill level 6 in Invocations
  8451 | Lair:2   | 8451 ||| Stepping ~*~*~tactically~*~*~ (cloud).
  8455 | Lair:2   | Killed a catoblepas
  8468 | Lair:2   | 8468 ||| DRINKING potion of cancellation.
  8469 | Lair:2   | 8469 ||| INVOKING Heroism.
  8571 | Lair:2   | 8571 ||| INVOKING Heroism.
  8637 | Lair:2   | 8637 ||| Stepping ~*~*~tactically~*~*~ (outnumbered).
  8646 | Lair:2   | 8646 ||| INVOKING Heroism.
  8798 | Lair:2   | Found a hole to the Spider Nest.
  8833 | Lair:2   | Identified the +5 flail of qw's Exquisite Torment {drain,
                  | rF- rCorr Dex+6}
  8883 | Lair:2   | 8883 ||| INVOKING Heroism.
  9074 | Lair:2   | 9074 ||| INVOKING Heroism.
  9083 | Lair:2   | Reached skill level 15 in Ranged Weapons
  9105 | Lair:2   | 9105 ||| INVOKING Heroism.
  9189 | Lair:2   | 9189 ||| INVOKING Heroism.
  9195 | Lair:2   | Reached XP level 12. HP: 104/106 MP: 14/17
  9282 | Lair:2   | Noticed a catoblepas
  9283 | Lair:2   | 9283 ||| Stepping ~*~*~tactically~*~*~ (outnumbered).
  9285 | Lair:2   | 9285 ||| Stepping ~*~*~tactically~*~*~ (outnumbered).
  9288 | Lair:2   | 9288 ||| INVOKING Heroism.
  9310 | Lair:2   | Killed a catoblepas
  9310 | Lair:2   | Reached ***** piety under Okawaru
  9334 | Lair:2   | Received a gift from Okawaru
  9447 | Lair:2   | 9447 ||| READING 2 scrolls labelled HUAQAKL DOMOCS.
  9448 | Lair:2   | 9448 ||| READING scroll labelled JESHRY CUCURE.
  9449 | Lair:2   | 9449 ||| DROPPING scroll of fear.
  9480 | Lair:3   | Noticed a six-headed hydra
  9481 | Lair:3   | 9481 ||| INVOKING Heroism.
  9484 | Lair:3   | Killed a six-headed hydra
  9485 | Lair:3   | Reached skill level 9 in Invocations
  9715 | Lair:3   | 9715 ||| INVOKING Heroism.
  9746 | Lair:3   | Noticed an eight-headed hydra
  9753 | Lair:3   | Killed an eight-headed hydra
  9753 | Lair:3   | Received a gift from Okawaru
  9952 | Lair:3   | Found a staircase to the Swamp.
  9961 | Lair:3   | Reached skill level 16 in Ranged Weapons
 10097 | Lair:3   | 10097 ||| INVOKING Heroism.
 10223 | Lair:3   | Identified the +0 ring mail of Zuzoc {Regen+ rCorr}
 10378 | Lair:3   | 10378 ||| UPGRADING to +0 pair of boots.
 10383 | Lair:3   | 10383 ||| UPGRADING to +0 ring mail of Zuzoc {Regen+
                  | rCorr}.
 10491 | Lair:4   | Reached skill level 6 in Armour
 10502 | Lair:4   | 10502 ||| INVOKING Heroism.
 10649 | Lair:4   | 10649 ||| INVOKING Heroism.
 10714 | Lair:4   | Reached skill level 9 in Dodging
 10792 | Lair:4   | Reached XP level 13. HP: 116/116 MP: 19/19
 10905 | Lair:4   | 10905 ||| INVOKING Heroism.
 11019 | Lair:4   | 11019 ||| INVOKING Heroism.
 11031 | Lair:4   | Reached skill level 12 in Fighting
 11288 | Lair:4   | 11288 ||| DROPPING ring of flight.
 11300 | Lair:5   | Entered Level 5 of the Lair of Beasts
 11316 | Lair:5   | Found a staircase to the Slime Pits.
 11347 | Lair:5   | 11347 ||| INVOKING Heroism.
 11426 | Lair:5   | 11426 ||| INVOKING Heroism.
 11507 | Lair:5   | 11507 ||| INVOKING Heroism.
 11594 | Lair:5   | 11594 ||| INVOKING Heroism.
 11602 | Lair:5   | 11602 ||| INVOKING Finesse.
 11611 | Lair:5   | Received a gift from Okawaru
 11738 | Lair:5   | 11738 ||| INVOKING Heroism.
 11769 | Lair:5   | Identified the +0 pair of boots "Mereir" {-Cast rElec Will+
                  | Dex+2} (Okawaru gifted it to you on level 5 of the Lair of
                  | Beasts)
 11769 | Lair:5   | Received a gift from Okawaru
 11808 | Lair:5   | 11808 ||| INVOKING Heroism.
 11853 | Lair:5   | 11853 ||| INVOKING Heroism.
 12155 | Lair:5   | 12155 ||| INVOKING Heroism.
 12156 | Lair:5   | 12156 ||| INVOKING Finesse.
 12161 | Lair:5   | 12161 ||| UPGRADING to +0 pair of boots "Mereir" {-Cast
                  | rElec Will+ Dex+2}.
 12207 | Lair:5   | 12207 ||| UPGRADING to +0 pair of boots "Mereir" {-Cast
                  | rElec Will+ Dex+2}.
 12217 | Lair:5   | 12217 ||| DROPPING +0 pair of boots.
 12287 | Lair:5   | 12287 ||| PLANNING D:1-11
 12428 | D:10     | Entered Level 10 of the Dungeon
 12567 | D:10     | Found a shimmering blue altar of Sif Muna.
 12631 | D:10     | Found a staircase to the Orcish Mines.
 12686 | D:10     | Noticed Maggie
 12687 | D:10     | 12687 ||| Stepping ~*~*~tactically~*~*~ (outnumbered).
 12689 | D:10     | 12689 ||| Stepping ~*~*~tactically~*~*~ (outnumbered).
 12691 | D:10     | 12691 ||| Stepping ~*~*~tactically~*~*~ (outnumbered).
 12693 | D:10     | 12693 ||| Stepping ~*~*~tactically~*~*~ (outnumbered).
 12695 | D:10     | 12695 ||| Stepping ~*~*~tactically~*~*~ (outnumbered).
 12697 | D:10     | 12697 ||| Stepping ~*~*~tactically~*~*~ (outnumbered).
 12704 | D:10     | Killed Maggie
 13314 | D:11     | 13314 ||| INVOKING Heroism.
 13330 | D:11     | Reached skill level 9 in Armour
 13355 | D:11     | Reached XP level 14. HP: 115/132 MP: 20/20
 13729 | D:11     | 13729 ||| Stepping ~*~*~tactically~*~*~ (outnumbered).
 13739 | D:11     | 13739 ||| INVOKING Heroism.
 13747 | D:11     | Reached skill level 12 in Dodging
 13820 | D:11     | Identified the ring of Grace {rElec rPois rC+ Will+}
 13838 | D:11     | 13838 ||| Stepping ~*~*~tactically~*~*~ (outnumbered).
 13938 | D:11     | Reached skill level 15 in Fighting
 14261 | D:11     | Identified the +5 robe "Qoliaq" {Drain rC+ rCorr Stlth+}
 14336 | D:11     | 14336 ||| PLANNING D
 14336 | D:11     | 14336 ||| DROPPING +2 ring mail of cold resistance.
 14337 | D:11     | 14337 ||| UPGRADING to +5 robe "Qoliaq" {Drain rC+ rCorr
                  | Stlth+}.
 14347 | D:11     | 14347 ||| UPGRADING to amulet of regeneration.
 14352 | D:11     | 14352 ||| DROPPING ring of ice.
 14353 | D:11     | 14353 ||| UPGRADING to ring of Grace {rElec rPois rC+
                  | Will+}.
 14355 | D:11     | 14355 ||| SWAPPING to -3 longbow.
 14356 | D:11     | 14356 ||| READING scroll labelled VUINUWN WIYPT.
 14406 | D:12     | 14406 ||| INVOKING Heroism.
 14407 | D:12     | 14407 ||| INVOKING Finesse.
 14475 | D:12     | Noticed Lodul
 14482 | D:12     | Killed Lodul
 14568 | D:12     | 14568 ||| READING scroll of enchant weapon.
 14568 | D:12     | 14568 ||| ENCHANTING -2 longbow.
 14937 | D:12     | 14937 ||| INVOKING Heroism.
 14942 | D:12     | 14942 ||| READING 5 scrolls of teleportation.
 15020 | D:12     | 15020 ||| READING 4 scrolls of teleportation.
 15021 | D:12     | 15021 ||| FLEEEEING.
 15022 | D:12     | 15022 ||| FLEEEEING.
 15023 | D:12     | 15023 ||| FLEEEEING.
 15024 | D:12     | 15024 ||| FLEEEEING.
 15076 | D:12     | 15076 ||| READING 13 scrolls of identify.
 15076 | D:12     | 15076 ||| IDENTIFYING fuming purple potion
 15077 | D:12     | 15077 ||| READING 12 scrolls of identify.
 15077 | D:12     | 15077 ||| IDENTIFYING lumpy blue potion
 15078 | D:12     | 15078 ||| DROPPING potion of ambrosia.
 15079 | D:12     | 15079 ||| DROPPING potion of invisibility.
 15097 | D:12     | 15097 ||| INVOKING Heroism.
 15098 | D:12     | 15098 ||| READING 3 scrolls of teleportation.
 15152 | D:11     | 15152 ||| PLANNING D:1-11
 15152 | D:11     | 15152 ||| PLANNING D
 15218 | D:12     | 15218 ||| STAIRDANCE
 15234 | D:11     | 15234 ||| INVOKING Heroism.
 15301 | D:12     | 15301 ||| READING 12 scrolls of identify.
 15301 | D:12     | 15301 ||| IDENTIFYING blue potion
 15302 | D:12     | 15302 ||| DROPPING potion of degeneration.
 15397 | D:13     | Noticed Rupert
 15398 | D:13     | 15398 ||| INVOKING Heroism.
 15412 | D:13     | Killed Rupert
 15522 | D:13     | 15522 ||| INVOKING Heroism.
 15551 | D:13     | Reached skill level 17 in Ranged Weapons
 15590 | D:13     | 15590 ||| INVOKING Heroism.
 15641 | D:13     | Found a gate to the Vaults.
 15641 | D:13     | Noticed an ironbound preserver
 15649 | D:13     | 15649 ||| INVOKING Heroism.
 15664 | D:13     | Killed an ironbound preserver
 15770 | D:13     | 15770 ||| INVOKING Heroism.
 15951 | D:13     | Identified the +4 troll leather armour of Classification
                  | {rF++ Regen+} (Okawaru gifted it to you on level 13 of the
                  | Dungeon)
 15951 | D:13     | Received a gift from Okawaru
 16135 | D:13     | 16135 ||| UPGRADING to +1 hat.
 16140 | D:13     | 16140 ||| DROPPING +0 troll leather armour.
 16141 | D:13     | 16141 ||| DROPPING +1 hat.
 16142 | D:13     | 16142 ||| DROPPING +1 ring mail of poison resistance.
 16143 | D:13     | 16143 ||| DROPPING +0 ring mail of Zuzoc {Regen+ rCorr}.
 16144 | D:13     | 16144 ||| UPGRADING to +4 troll leather armour of
                  | Classification {rF++ Regen+}.
 16154 | D:13     | 16154 ||| DROPPING +5 robe "Qoliaq" {Drain rC+ rCorr
                  | Stlth+}.
 16155 | D:13     | 16155 ||| DROPPING +6 ring of intelligence.
 16200 | D:14     | 16200 ||| INVOKING Heroism.
 16201 | D:14     | 16201 ||| INVOKING Finesse.
 16334 | D:14     | Reached skill level 18 in Ranged Weapons
 16517 | D:14     | 16517 ||| INVOKING Heroism.
 16638 | D:14     | 16638 ||| INVOKING Heroism.
 16665 | D:14     | You fall into a shaft and drop 1 floor!
 16665 | D:15     | Entered Level 15 of the Dungeon
 16854 | D:15     | 16854 ||| DROPPING ring of positive energy.
 16855 | D:15     | 16855 ||| READING scroll labelled NOGYAG GEACETO.
 16961 | D:14     | Reached XP level 15. HP: 105/141 MP: 21/21
 17176 | D:14     | 17176 ||| READING scroll of brand weapon.
 17176 | D:14     | 17176 ||| BRANDING -1 longbow.
 17418 | D:15     | 17418 ||| INVOKING Heroism.
 17426 | D:15     | HP: 33/141 [rime drake (shapeshifter)/icy flash freeze (7)]
 17427 | D:15     | 17427 ||| READING 4 scrolls of teleportation.
 17428 | D:15     | 17428 ||| DRINKING 3 potions of heal wounds.
 17430 | D:15     | Reached skill level 19 in Ranged Weapons
 17430 | D:15     | 17430 ||| DRINKING 2 potions of heal wounds.
 17631 | D:15     | Found a staircase to the Depths.
 17632 | D:15     | 17632 ||| INVOKING Heroism.
 18091 | D:15     | 18091 ||| PLANNING ORC
 18091 | D:15     | 18091 ||| DROPPING amulet of the acrobat.
 18235 | Orc:1    | Entered Level 1 of the Orcish Mines
 18260 | Orc:1    | 18260 ||| STAIRDANCE
 18434 | Orc:2    | Entered Level 2 of the Orcish Mines
 18546 | Orc:2    | 18546 ||| Stepping ~*~*~tactically~*~*~ (outnumbered).
 18635 | Orc:2    | 18635 ||| Stepping ~*~*~tactically~*~*~ (outnumbered).
 18637 | Orc:2    | 18637 ||| Stepping ~*~*~tactically~*~*~ (outnumbered).
 18749 | Orc:2    | Found a staircase to the Elven Halls.
 18752 | Orc:2    | Found a frozen archway.
 18891 | Orc:2    | 18891 ||| Stepping ~*~*~tactically~*~*~ (outnumbered).
 18893 | Orc:2    | 18893 ||| Stepping ~*~*~tactically~*~*~ (outnumbered).
 18895 | Orc:2    | 18895 ||| Stepping ~*~*~tactically~*~*~ (outnumbered).
 18897 | Orc:2    | 18897 ||| Stepping ~*~*~tactically~*~*~ (outnumbered).
 18899 | Orc:2    | 18899 ||| INVOKING Heroism.
 18901 | Orc:2    | 18901 ||| Stepping ~*~*~tactically~*~*~ (outnumbered).
 18932 | Orc:2    | Found Qogaoxt's Magic Scroll Boutique.
 18959 | Orc:2    | Reached skill level 20 in Ranged Weapons
 18965 | Orc:2    | 18965 ||| Stepping ~*~*~tactically~*~*~ (outnumbered).
 18968 | Orc:2    | 18968 ||| Stepping ~*~*~tactically~*~*~ (outnumbered).
 19028 | Orc:2    | 19028 ||| INVOKING Heroism.
 19043 | Orc:2    | Found Fomydosma's Weapon Emporium.
 19048 | Orc:2    | 19048 ||| BUYING scroll of enchant armour (135 gold).
 19048 | Orc:2    | Bought a scroll of enchant armour for 135 gold pieces
 19048 | Orc:2    | 19048 ||| BUYING scroll of teleportation (54 gold).
 19048 | Orc:2    | Bought a scroll of teleportation for 54 gold pieces
 19048 | Orc:2    | 19048 ||| READING scroll of enchant armour.
 19048 | Orc:2    | 19048 ||| ENCHANTING +1 hat.
 19052 | Orc:2    | Found Fipel's Armour Emporium.
 19054 | Orc:2    | Found Cajadd's Book Boutique.
 19060 | Orc:2    | 19060 ||| BUYING +2 pair of boots "Ataomm" {*Corrode Slay+4
                  | Stlth+} (497 gold).
 19060 | Orc:2    | Bought the +2 pair of boots "Ataomm" {*Corrode Slay+4
                  | Stlth+} for 497 gold pieces
 19183 | Orc:2    | 19183 ||| INVOKING Heroism.
 19271 | Orc:1    | 19271 ||| INVOKING Heroism.
 19585 | Orc:1    | 19585 ||| PLANNING SPIDER:1-3
 19769 | Spider:1 | Entered Level 1 of the Spider Nest
 20219 | Spider:1 | 20219 ||| Stepping ~*~*~tactically~*~*~ (outnumbered).
 20221 | Spider:1 | 20221 ||| Stepping ~*~*~tactically~*~*~ (outnumbered).
 20233 | Spider:1 | 20233 ||| INVOKING Finesse.
 20363 | Spider:1 | 20363 ||| FLEEEEING.
 20364 | Spider:1 | 20364 ||| FLEEEEING.
 20365 | Spider:1 | 20365 ||| FLEEEEING.
 20366 | Spider:1 | 20366 ||| FLEEEEING.
 20367 | Spider:1 | 20367 ||| FLEEEEING.
 20368 | Spider:1 | 20368 ||| FLEEEEING.
 20369 | Spider:1 | 20369 ||| FLEEEEING.
 20370 | Spider:1 | 20370 ||| FLEEEEING.
 20371 | Spider:1 | 20371 ||| FLEEEEING.
 20373 | Spider:1 | 20373 ||| FLEEEEING.
 20376 | Spider:1 | 20376 ||| FLEEEEING.
 20377 | Spider:1 | 20377 ||| FLEEEEING.
 20378 | Spider:1 | 20378 ||| FLEEEEING.
 20379 | Spider:1 | 20379 ||| FLEEEEING.
 20380 | Spider:1 | 20380 ||| FLEEEEING.
 20381 | Spider:1 | 20381 ||| FLEEEEING.
 20382 | Spider:1 | 20382 ||| FLEEEEING.
 20383 | Spider:1 | 20383 ||| FLEEEEING.
 20384 | Spider:1 | 20384 ||| FLEEEEING.
 20385 | Spider:1 | 20385 ||| FLEEEEING.
 20386 | Spider:1 | 20386 ||| FLEEEEING.
 20387 | Spider:1 | 20387 ||| FLEEEEING.
 20388 | Spider:1 | 20388 ||| FLEEEEING.
 20389 | Spider:1 | 20389 ||| FLEEEEING.
 20390 | Spider:1 | 20390 ||| FLEEEEING.
 20391 | Spider:1 | 20391 ||| FLEEEEING.
 20392 | Spider:1 | 20392 ||| FLEEEEING.
 20393 | Spider:1 | 20393 ||| FLEEEEING.
 20394 | Spider:1 | 20394 ||| FLEEEEING.
 20395 | Spider:1 | 20395 ||| FLEEEEING.
 20396 | Spider:1 | 20396 ||| FLEEEEING.
 20397 | Spider:1 | 20397 ||| FLEEEEING.
 20398 | Spider:1 | 20398 ||| FLEEEEING.
 20399 | Spider:1 | 20399 ||| FLEEEEING.
 20400 | Spider:1 | 20400 ||| FLEEEEING.
 20401 | Spider:1 | 20401 ||| FLEEEEING.
 20402 | Spider:1 | 20402 ||| FLEEEEING.
 20403 | Spider:1 | 20403 ||| FLEEEEING.
 20404 | Spider:1 | 20404 ||| FLEEEEING.
 20405 | Spider:1 | 20405 ||| FLEEEEING.
 20406 | Spider:1 | 20406 ||| FLEEEEING.
 20407 | Spider:1 | 20407 ||| FLEEEEING.
 20408 | Spider:1 | 20408 ||| FLEEEEING.
 20887 | Spider:1 | 20887 ||| INVOKING Heroism.
 21137 | Spider:2 | 21137 ||| INVOKING Finesse.
 21147 | Spider:2 | Reached skill level 15 in Dodging
 21154 | Spider:2 | 21154 ||| INVOKING Heroism.
 21286 | Spider:2 | 21286 ||| INVOKING Heroism.
 21318 | Spider:2 | Noticed an emperor scorpion
 21330 | Spider:2 | Killed an emperor scorpion
 21337 | Spider:2 | 21337 ||| Stepping randomly (disturbance).
 21530 | Spider:2 | Reached XP level 16. HP: 151/151 MP: 22/22
 21567 | Spider:2 | 21567 ||| INVOKING Heroism.
 21643 | Spider:2 | 21643 ||| Stepping ~*~*~tactically~*~*~ (outnumbered).
 21646 | Spider:2 | 21646 ||| INVOKING Heroism.
 21991 | Spider:2 | 21991 ||| INVOKING Finesse.
 22048 | Spider:2 | 22048 ||| Stepping randomly (disturbance).
 22323 | Spider:3 | 22323 ||| INVOKING Heroism.
 22604 | Spider:3 | Noticed Roxanne
 22605 | Spider:3 | 22605 ||| INVOKING Heroism.
 22625 | Spider:3 | HP: 27/155 [Roxanne/crystal spear (54)]
 22626 | Spider:3 | 22626 ||| READING 6 scrolls of teleportation.
 22627 | Spider:3 | 22627 ||| DRINKING 3 potions of heal wounds.
 22635 | Spider:3 | HP: 37/155 [redback (4)]
 22636 | Spider:3 | 22636 ||| READING 5 scrolls of teleportation.
 22637 | Spider:3 | 22637 ||| DRINKING 2 potions of heal wounds.
 22638 | Spider:3 | 22638 ||| INVOKING Heroism.
 22639 | Spider:3 | 22639 ||| DRINKING potion of heal wounds.
 22918 | Spider:3 | 22918 ||| INVOKING Heroism.
 23158 | Spider:3 | 23158 ||| INVOKING Finesse.
 23164 | Spider:3 | 23164 ||| Stepping ~*~*~tactically~*~*~ (outnumbered).
 23397 | Spider:3 | 23397 ||| PLANNING SWAMP:1-3
 23530 | Swamp:1  | Entered Level 1 of the Swamp
 23589 | Swamp:1  | Found a runed translucent gate.
 23591 | Swamp:1  | Found a runed translucent gate.
 23591 | Swamp:1  | Found a runed translucent gate.
 23597 | Swamp:1  | Noticed qw's ghost (adept MiHs)
 23653 | Swamp:1  | 23653 ||| Stepping ~*~*~tactically~*~*~ (water).
 23654 | Swamp:1  | 23654 ||| INVOKING Heroism.
 23672 | Swamp:1  | 23672 ||| Stepping ~*~*~tactically~*~*~ (outnumbered).
 23759 | Swamp:1  | 23759 ||| INVOKING Heroism.
 23821 | Swamp:1  | 23821 ||| INVOKING Heroism.
 23863 | Swamp:1  | 23863 ||| READING scroll of enchant weapon.
 23863 | Swamp:1  | 23863 ||| ENCHANTING -1 longbow of flaming.
 23864 | Swamp:1  | 23864 ||| DROPPING +7 orcbow of Apathaor {drain, +Blink
                  | rPois Stlth+}.
 23883 | Swamp:1  | 23883 ||| Stepping ~*~*~tactically~*~*~ (water).
 23885 | Swamp:1  | 23885 ||| Stepping ~*~*~tactically~*~*~ (water).
 23897 | Swamp:1  | 23897 ||| Stepping ~*~*~tactically~*~*~ (water).
 23898 | Swamp:1  | 23898 ||| INVOKING Heroism.
 23983 | Swamp:1  | 23983 ||| Stepping ~*~*~tactically~*~*~ (water).
 23984 | Swamp:1  | 23984 ||| INVOKING Heroism.
 24141 | Swamp:1  | 24141 ||| UPGRADING to amulet of faith.
 24151 | Swamp:1  | 24151 ||| DROPPING ring of fire.
 24198 | Swamp:2  | 24198 ||| INVOKING Heroism.
 24203 | Swamp:2  | Reached skill level 18 in Fighting
 24229 | Swamp:2  | Noticed Donald
 24233 | Swamp:2  | 24233 ||| INVOKING Heroism.
 24236 | Swamp:2  | Killed Donald
 24271 | Swamp:2  | 24271 ||| Stepping ~*~*~tactically~*~*~ (water).
 24279 | Swamp:2  | 24279 ||| Stepping ~*~*~tactically~*~*~ (water).
 24322 | Swamp:2  | 24322 ||| Stepping ~*~*~tactically~*~*~ (cloud).
 24327 | Swamp:2  | 24327 ||| Stepping ~*~*~tactically~*~*~ (water).
 24346 | Swamp:2  | 24346 ||| INVOKING Heroism.
 24352 | Swamp:2  | Noticed Louise
 24369 | Swamp:2  | Killed Louise
 24419 | Swamp:2  | 24419 ||| INVOKING Heroism.
 24426 | Swamp:2  | 24426 ||| Stepping ~*~*~tactically~*~*~ (outnumbered).
 24874 | Swamp:2  | 24874 ||| UPGRADING to +1 cloak.
 24884 | Swamp:2  | 24884 ||| DROPPING +0 cloak.
 24905 | Swamp:3  | 24905 ||| STAIRDANCE
 24923 | Swamp:3  | 24923 ||| Stepping ~*~*~tactically~*~*~ (water).
 24977 | Swamp:3  | 24977 ||| Stepping ~*~*~tactically~*~*~ (outnumbered).
 24979 | Swamp:3  | 24979 ||| INVOKING Heroism.
 25079 | Swamp:3  | 25079 ||| Stepping ~*~*~tactically~*~*~ (water).
 25081 | Swamp:3  | 25081 ||| Stepping ~*~*~tactically~*~*~ (water).
 25090 | Swamp:3  | 25090 ||| Stepping ~*~*~tactically~*~*~ (water).
 25111 | Swamp:3  | 25111 ||| FLEEEEING.
 25112 | Swamp:3  | 25112 ||| FLEEEEING.
 25113 | Swamp:3  | 25113 ||| FLEEEEING.
 25114 | Swamp:3  | 25114 ||| FLEEEEING.
 25115 | Swamp:3  | 25115 ||| STAIRDANCE
 25219 | Swamp:3  | 25219 ||| STAIRDANCE
 25256 | Swamp:3  | 25256 ||| STAIRDANCE
 25277 | Swamp:3  | Noticed Bai Suzhen
 25278 | Swamp:3  | 25278 ||| INVOKING Heroism.
 25279 | Swamp:3  | 25279 ||| INVOKING Finesse.
 25296 | Swamp:3  | Killed Bai Suzhen
 25381 | Swamp:3  | Reached XP level 17. HP: 163/163 MP: 23/23
 25454 | Swamp:3  | Identified the +2 pair of gloves of Dume Ats {Drain rCorr
                  | Dex+7} (Okawaru gifted it to you on level 3 of the Swamp)
 25454 | Swamp:3  | Received a gift from Okawaru
 25497 | Swamp:3  | 25497 ||| FLEEEEING.
 25498 | Swamp:3  | 25498 ||| FLEEEEING.
 25499 | Swamp:3  | 25499 ||| FLEEEEING.
 25965 | Swamp:3  | 25965 ||| PLANNING SPIDER:4
 25965 | Swamp:3  | 25965 ||| UPGRADING to +2 pair of gloves of Dume Ats {Drain
                  | rCorr Dex+7}.
 25975 | Swamp:3  | 25975 ||| DROPPING +2 pair of gloves.
 25976 | Swamp:3  | 25976 ||| DROPPING ring of willpower.
 26164 | Spider:4 | Entered Level 4 of the Spider Nest
 26170 | Spider:4 | 26170 ||| INVOKING Finesse.
 26207 | Spider:4 | Noticed Nikola
 26208 | Spider:4 | 26208 ||| INVOKING Heroism.
 26209 | Spider:4 | 26209 ||| INVOKING Finesse.
 26221 | Spider:4 | Killed Nikola
 26255 | Spider:4 | Reached skill level 18 in Dodging
 26278 | Spider:4 | 26278 ||| INVOKING Finesse.
 26321 | Spider:4 | Noticed Aizul
 26332 | Spider:4 | Killed Aizul
 26467 | Spider:4 | 26467 ||| INVOKING Heroism.
 26471 | Spider:4 | 26471 ||| Stepping ~*~*~tactically~*~*~ (outnumbered).
 26587 | Spider:4 | 26587 ||| Stepping randomly (disturbance).
 26588 | Spider:4 | 26588 ||| Stepping randomly (disturbance).
 26590 | Spider:4 | 26590 ||| Stepping randomly (disturbance).
 26594 | Spider:4 | 26594 ||| FLEEEEING.
 26743 | Spider:4 | 26743 ||| INVOKING Finesse.
 26757 | Spider:4 | Noticed Arachne
 26764 | Spider:4 | Killed Arachne
 26798 | Spider:4 | 26798 ||| INVOKING Heroism.
 26912 | Spider:4 | 26912 ||| INVOKING Finesse.
 26913 | Spider:4 | 26913 ||| Stepping ~*~*~tactically~*~*~ (outnumbered).
 27183 | Spider:4 | 27183 ||| INVOKING Heroism.
 27240 | Spider:4 | 27240 ||| INVOKING Heroism.
 27435 | Spider:4 | 27435 ||| INVOKING Heroism.
 27442 | Spider:4 | 27442 ||| Stepping randomly (disturbance).
 27443 | Spider:4 | 27443 ||| Stepping randomly (disturbance).
 27444 | Spider:4 | 27444 ||| Stepping randomly (disturbance).
 27446 | Spider:4 | 27446 ||| Stepping randomly (disturbance).
 27447 | Spider:4 | 27447 ||| Stepping randomly (disturbance).
 27630 | Spider:4 | 27630 ||| DROPPING ring of wizardry.
 27631 | Spider:4 | 27631 ||| Stepping randomly (disturbance).
 27632 | Spider:4 | 27632 ||| Stepping randomly (disturbance).
 27774 | Spider:4 | Identified the +2 pair of gloves of Hazuhock {Slay+3}
 27795 | Spider:4 | Got a gossamer rune of Zot
 27874 | Spider:4 | 27874 ||| PLANNING VAULTS:1-4
 28128 | Vaults:1 | Entered Level 1 of the Vaults
 28129 | Vaults:1 | 28129 ||| PLANNING WIZLAB
 28129 | Vaults:1 | 28129 ||| INVOKING Heroism.
 28146 | Vaults:1 | HP: 30/168 [orc knight/+0 bardiche (30)]
 28147 | Vaults:1 | 28147 ||| READING 6 scrolls of teleportation.
 28147 | Vaults:1 | Slain by a vault warden

Levels and vault maps discovered:
D:1:      erik_arrival_triangle_large, layout_rooms, patterned_corridor
D:2:      layout_basic, roderic_lattice_a, uniq_sigmund
D:3:      layout_loops_cross, shapermc_ecumenical_altar_venn,
          grunt_decor_mini_mirrors, nicolae_half_adder
D:4:      layout_basic, nicolae_overflow_hallway_of_the_gods,
          minmay_crystal_room, kennysheep_generic_room_5, uniq_eustachio,
          uniq_grinder
D:5:      layout_basic, minmay_temple_entry_junction_2,
          gammafunk_ghost_abyssal_escape, uniq_crazy_yiuf_cottage, uniq_edmund
D:6:      layout_basic
D:7:      layout_basic, enter_bailey_4
D:8:      layout_basic
D:9:      layout_irregular_city, lair_entry_dummy, serial_co_window_serial,
          co_window_corner_a, co_window_corner_a, co_window_of_opportunity_a,
          co_window_paths_b, co_window_corner_a, co_window_paths_a,
          co_window_of_opportunity_c, co_window_corner_b, co_window_cross_4,
          co_window_broadway_b, co_window_broadway_a, glass_columns_c,
          minmay_shop_damaged, st_stairs_3, uniq_erica
D:10:     layout_basic, mainiacjoe_overflow_alcove_1, orc_david_3, uniq_maggie
D:11:     minmay_the_grid_triangle_9x9_recursive_2
          [minmay_the_grid_triangle_9x9_prize_top_heavy,
          minmay_the_grid_triangle_9x9_warning,
          minmay_the_grid_triangle_9x9_alien,
          minmay_the_grid_triangle_9x9_zippers_horizontal],
          layout_loops_corners, chequers_serial_rivers_large_a
D:12:     minmay_stone_box, layout_loops_ring, uniq_lodul
D:13:     layout_loops_cross, skrybe_vaults_entry_preservation, the_hattery,
          uniq_rupert
D:14:     layout_loops_ring, bh_walls_and_bars
D:15:     grunt_enter_depths_snipers, layout_long_grid,
          hangedman_decor_peaks_small, minmay_misc_feat_roman
Temple:   lightli_temple_of_artemis
Lair:1:   layout_long_grid, grunt_megastairs_2, serial_bayou_shore_a
Lair:2:   layout_gridlike, hellmonk_spider_entry_life_and_decay, st_stairs_11,
          grunt_megastairs_5, serial_bayou_shore_b, serial_bayou_shore_b,
          infiniplex_staircase_pool_2
Lair:3:   layout_regular_city, skrybe_swamp_entry_bodies, beast_lair_carwin_5
Lair:4:   layout_roguey, lemuel_fruit_fields
Lair:5:   wormcave, layout_regular_city, minmay_slime_entry_pillars,
          small_statue_intersection, dreamdust_mushroom_princess, ice2_lemuel,
          infiniplex_staircase_pool
Swamp:1:  nicolae_swamp_ascending_descending, layout_basic_swamp,
          gammafunk_ghost_necromancy, nicolae_swamp_fairy_circle
Swamp:2:  layout_falls_marsh, hangedman_swamp_lotus, uniq_donald, uniq_louise
Swamp:3:  layout_falls_marsh, serial_swamp_ruin, evilmike_swamp_ruin_rubble_2,
          evilmike_swamp_ruin_house_3, uniq_bai_suzhen
Spider:1: layout_chambers, hangedman_spider_tarantella_strand
Spider:2: layout_spider_delve
Spider:3: nicolae_spider_hilbert_zone_5 [nicolae_spider_hilbert_3_sides_1_open,
          nicolae_spider_hilbert_4_sides_1_open,
          nicolae_spider_hilbert_4_sides_1_open,
          nicolae_spider_hilbert_6_sides_1_open,
          nicolae_spider_hilbert_6_sides_1_open], uniq_roxanne
Spider:4: johnstein_spider_rune_arachne_lair, drop_trap, guppyfry_hornet_nest,
          uniq_nikola, uniq_aizul
Orc:1:    layout_caves
Orc:2:    st_orc_elflike, layout_diamond_mine, portal_ice_cave_entry_pillars_1,
          basic_altar
Vaults:1: infiniplex_enter_wizlab_water, nicolae_vaults_trapezoid_lopsided_3,
          nicolae_vaults_storage_closets_1, hangedman_vaults_cutoff,
          v_alt_pattern_6, nicolae_vaults_meeting, v_misc_24,
          nicolae_vaults_layer_cake_slice, ontoclasm_vaults_chip,
          vaults_standard_mumra_x, nicolae_vaults_little_squares_4,
          nicolae_vaults_tetromino_T_1, layout_vaults_omnigrid, enter_trove_0,
          uniq_saint_roka

Skill      XL: |  1  2  3  4  5  6  7  8  9 10 11 12 13 14 15 16 17 |
---------------+----------------------------------------------------+-----
Ranged Weapons | 3 4 5 7 10 12 14 15 16 18 20 | 20.0
Fighting       | 2 4 6 7 9 10 11 14 15 16 18 19 | 19.0
Armour         | 5 6 9 10 | 10.0
Dodging        | 3 4 5 6 7 9 11 12 15 17 19 | 19.3
Invocations    | 4 8 10 | 10.1
Spellcasting   | |  1.0
Hexes          | |  2.0

Action                     |  1- 3 |  4- 6 |  7- 9 | 10-12 | 13-15 | 16-18 || total
---------------------------+-------+-------+-------+-------+-------+-------++-------
   Fire: Sling             |    23 |       |       |       |       |       ||    23
         Orcbow            |    38 |    33 |   235 |   441 |   492 |       ||  1239
         Longbow           |       |       |       |       |   957 |   836 ||  1793
 Invoke: Heroism           |       |       |     7 |    27 |    33 |    24 ||    91
         Finesse           |       |       |       |       |     6 |     8 ||    14
    Use: Scroll            |     5 |     3 |     6 |     5 |    12 |     4 ||    35
         Potion            |       |     3 |     3 |     2 |     2 |     3 ||    13
 Armour: Robe              |     3 |       |     3 |       |    32 |       ||    38
         Ring mail         |     8 |       |    49 |    54 |    55 |       ||   166
         Troll leather arm |       |       |       |       |    76 |   108 ||   184
  Dodge: Dodged            |    15 |     6 |   127 |   165 |   681 |   647 ||  1641

Table legend:
 A = Non-vault XP
 B = Vault XP
 C = Vault XP percentage of total XP
 D = Non-vault monster count
 E = Vault monster count
 F = Vault count percentage of total count
                 A         B        C        D         E       F
            +---------+---------+-------+---------+---------+-------
      Total |  184854 |   78210 |  29.7 |     654 |     189 |  22.4
            +---------+---------+-------+---------+---------+-------
        D:1 |      24 |       0 |   0.0 |      16 |       0 |   0.0
        D:2 |      61 |     226 |  78.7 |      16 |       1 |   5.9
        D:3 |     141 |      39 |  21.7 |      10 |       3 |  23.1
        D:4 |     260 |     464 |  64.1 |      22 |       3 |  12.0
        D:5 |     548 |     153 |  21.8 |      14 |       1 |   6.7
        D:6 |     371 |       0 |   0.0 |      10 |       0 |   0.0
        D:7 |     789 |      12 |   1.5 |      21 |       5 |  19.2
        D:8 |    1216 |       0 |   0.0 |      28 |       0 |   0.0
        D:9 |    1854 |    1142 |  38.1 |      19 |       4 |  17.4
       D:10 |    2496 |     377 |  13.1 |      24 |       5 |  17.2
       D:11 |    5757 |    8042 |  58.3 |      15 |      18 |  54.5
       D:12 |    1756 |    1885 |  51.8 |       4 |      11 |  73.3
       D:13 |    4680 |    7471 |  61.5 |       7 |      11 |  61.1
       D:14 |    8710 |       0 |   0.0 |      23 |       0 |   0.0
       D:15 |    7708 |    2746 |  26.3 |      17 |       3 |  15.0
     Lair:1 |    5693 |    1958 |  25.6 |      25 |       7 |  21.9
     Lair:2 |    7364 |    2378 |  24.4 |      22 |      10 |  31.2
     Lair:3 |    5994 |    2091 |  25.9 |      15 |       8 |  34.8
     Lair:4 |    9813 |       0 |   0.0 |      25 |       0 |   0.0
     Lair:5 |   13866 |    2466 |  15.1 |      38 |      15 |  28.3
    Swamp:1 |   12237 |       0 |   0.0 |      20 |       0 |   0.0
    Swamp:2 |   14460 |    2573 |  15.1 |      30 |       2 |   6.2
    Swamp:3 |   12151 |    2821 |  18.8 |      21 |       1 |   4.5
   Spider:1 |   16491 |     260 |   1.6 |      47 |       1 |   2.1
   Spider:2 |   17229 |       0 |   0.0 |      37 |       0 |   0.0
   Spider:3 |   14091 |    1278 |   8.3 |      47 |       3 |   6.0
   Spider:4 |    9750 |   31674 |  76.5 |      18 |      53 |  74.6
      Orc:1 |    3914 |       0 |   0.0 |      27 |       0 |   0.0
      Orc:2 |    3444 |    8154 |  70.3 |      31 |      24 |  43.6
   Vaults:1 |    1986 |       0 |   0.0 |       5 |       0 |   0.0
            +---------+---------+-------+---------+---------+-------
